 Dungeon Crawl Stone Soup version 0.23.2-40-g277498a001 (webtiles) character file.

Game seed: 15175956569652475728

39 Destapler the Magician (level 3, 0/24 HPs)
             Began as a Demonspawn Wizard on Aug 18, 2019.
             Killed from afar by Sigmund (8 damage)
             ... with a magic dart
             ... on level 2 of the Dungeon.
             The game lasted 00:07:48 (2207 turns).

Destapler the Magician (Demonspawn Wizard)          Turns: 2207, Time: 00:07:48

Health: 0/24       AC:  2    Str:  7    XL:     3   Next: 26%
Magic:  1/8        EV: 11    Int: 20    God:
Gold:   79         SH:  3    Dex: 11    Spells: 7/10 levels left

rFire    . . .     SeeInvis .   h - +1 dagger
rCold    . . .     Gourm    .   c - +0 buckler
rNeg     . . .     Faith    .   a - +0 robe
rPois    .         Spirit   .   b - +0 hat
rElec    .         Reflect  .   (no cloak)
rCorr    .         Harm     .   (no gloves)
MR       .....                  (no boots)
Stlth    ++........             (no amulet)
HPRegen  0.08/turn              (no ring)
MPRegen  0.11/turn              (no ring)

@: very slightly contaminated
A: horns 1, powered by death 1
a: no special abilities


You were on level 2 of the Dungeon.
You were not hungry.

You visited 1 branch of the dungeon, and saw 2 of its levels.

You collected 79 gold pieces.

Inventory:

Hand Weapons
 h - a +1 dagger (weapon)
Missiles
 j - 4 stones (quivered)
 k - 8 javelins
Armour
 a - a +0 robe (worn)
 b - a +0 hat (worn)
 c - a +0 buckler (worn)
Potions
 e - a potion of agility {unknown}
 g - 2 potions of curing
 i - a potion of experience {unknown}
Comestibles
 d - 3 rations
 f - 3 chunks of flesh


   Skills:
 - Level 1.7 Dodging
 - Level 1.7 Stealth
 + Level 0.7 Shields
 - Level 4.0 Spellcasting
 - Level 1.0 Conjurations
   Level 1.0 Summonings
 - Level 0.8 Translocations


You had 7 spell levels left.
You knew the following spells:

 Your Spells              Type           Power        Failure   Level  Hunger
a - Magic Dart            Conj           #...         13%         1    None
b - Blink                 Tloc           N/A          21%         2    #......

Your spell library contained the following spells:

 Spells                   Type           Power        Failure   Level  Hunger
 Call Imp                 Summ           #.......     19%         2    #......
 Slow                     Hex            #.......     28%         2    #......
 Conjure Flame            Conj/Fire      #.......     43%         3    ###....
 Mephitic Cloud           Conj/Pois/Air  #.......     45%         3    ###....


Dungeon Overview and Level Annotations

Branches:
Dungeon (2/15)

Altars:

Annotations:
D:2 Sigmund


Innate Abilities, Weirdness & Mutations

You have a pair of small horns on your head.
You regenerate a little health from kills.


Message History

It was a potion of curing.
You feel better.
The goblin shouts!
You aren't carrying any scrolls.
Casting: Magic Dart (safe; 13% risk of failure)
Confirm with . or Enter, or press ? or * to list all spells.
You blink.
Casting: Blink (safe; 21% risk of failure)
Confirm with . or Enter, or press ? or * to list all spells.
You miscast Blink.
You are very lightly contaminated with residual magic.
The floor and the ceiling briefly switch places.
Sigmund gestures at you while chanting. The magic dart hits you.
* * * LOW HITPOINT WARNING * * *
Sigmund gestures at you while chanting. You resist with significant effort.
The goblin closely misses you. Sigmund gestures at you while chanting.
The magic dart hits you!
You die...

............########.......
...........................
...........................
#...........................
.........###@...........)รท..
.......##...#...............<
...#........#.g..............
...#........#.........####+##
..........#@................
##.......#.................
####.........................
..........................###
..........................###
.............................
.............................
...........#.................
...........#.................


You could see Sigmund and a goblin.

Vanquished Creatures
  An ooze (D:1)
  A worm (D:2)
  A leopard gecko (D:2)
  3 giant cockroaches
  5 goblins (D:1)
  3 hobgoblins
  3 kobolds (D:1)
  4 bats
  3 frilled lizards (D:1)
  5 rats (D:1)
29 creatures vanquished.

Notes
Turn   | Place    | Note
-------+----------+-------------------------------------------
     0 | D:1      | Destapler the Demonspawn Wizard began the quest for the
                  | Orb.
     0 | D:1      | Reached XP level 1. HP: 13/13 MP: 4/4
   650 | D:1      | Gained mutation: You have a pair of small horns on your
                  | head. [demonic ancestry]
   650 | D:1      | Reached XP level 2. HP: 8/19 MP: 0/6
   662 | D:1      | Learned a level 2 spell: Blink
  1291 | D:1      | Reached skill level 4 in Spellcasting
  1457 | D:1      | Gained mutation: You regenerate a little health from kills.
                  | [demonic ancestry]
  1457 | D:1      | Reached XP level 3. HP: 24/24 MP: 3/8
  2155 | D:2      | Found a faded altar of an unknown god.
  2188 | D:2      | Noticed Sigmund
  2199 | D:2      | HP: 1/24 [Sigmund/+2 scythe of slicing (1)]
  2207 | D:2      | Killed from afar by Sigmund

Skill      XL: |  1  2 |
---------------+-------+-----
Spellcasting   | 4 |  4.0
Dodging        | |  1.7
Stealth        | |  1.7
Shields        | |  0.7
Conjurations   | |  1.0
Summonings     | |  1.0
Translocations | |  0.8

Action                   || total
-------------------------++-------
Melee: Unarmed           ||    20
       Short sword       ||     8
       Dagger            ||    15
       Headbutt          ||     2
 Cast: Magic Dart        ||    73
       Blink             ||     2
  Use: Scroll            ||     2
       Potion            ||     1
  Eat: Chunk             ||     4
Armor: Robe              ||    18
Dodge: Dodged            ||    51
